 Dungeon Crawl Stone Soup version 0.25-a0-166-g16436c4 (webtiles) character file.

Game seed: 17279908563848898564, levelgen mode: deterministic

70 Coldstonesans the Firebug (level 4, -6/30 HPs)
             Began as a Demonspawn Fire Elementalist on Nov 24, 2019.
             Was an Initiate of Qazlal.
             Killed from afar by an adder (30 damage)
             ... with an exploding inner flame
             ... hexed by the player character
             ... on level 2 of the Dungeon.
             The game lasted 00:03:25 (1737 turns).

Coldstonesans the Firebug (DsFE)                    Turns: 1737, Time: 00:03:25

Health: -6/30      AC:  2    Str: 12    XL:     4   Next: 3%
Magic:  10/16      EV: 12    Int: 17    God:    Qazlal [......]
Gold:   79         SH:  4    Dex: 13    Spells: 3/7 levels left

rFire    . . .     SeeInvis .   i - +1 short sword (freeze)
rCold    . . .     Gourm    .   (no shield)
rNeg     . . .     Faith    .   a - +0 robe
rPois    .         Spirit   .   (no helmet)
rElec    .         Reflect  .   (no cloak)
rCorr    .         Harm     .   (no gloves)
MR       .....                  (no boots)
Stlth    ++........             (no amulet)
HPRegen  0.10/turn              d - ring of magical power
MPRegen  0.15/turn              g - +3 ring of strength

@: lethally poisoned (-6 -> -11), very slightly contaminated
A: large bone plates 1, demonic guardian 1
a: Renounce Religion


You were on level 2 of the Dungeon.
You worshipped Qazlal.
Qazlal was noncommittal.
You were not hungry.

You visited 1 branch of the dungeon, and saw 2 of its levels.

You collected 79 gold pieces.

Inventory:

Hand Weapons
 i - a +1 short sword of freezing (weapon)
Armour
 a - a +0 robe (worn)
Jewellery
 d - a ring of magical power (left hand)
 g - a +3 ring of strength (right hand)
Scrolls
 b - 4 scrolls of identify {unknown}
 e - a scroll of blinking {unknown}
 f - 2 scrolls of amnesia {unknown}
 h - a scroll of remove curse {unknown}
 j - 3 scrolls of teleportation {unknown}
Comestibles
 c - 6 rations


   Skills:
 + Level 1.2 Armour
 + Level 2.3 Dodging
 - Level 1.7 Stealth
 + Level 2.3 Spellcasting
 + Level 1.6 Conjurations
 * Level 3.4 Fire Magic


You had 3 spell levels left.
You knew the following spells:

 Your Spells              Type           Power        Failure   Level  Hunger
a - Flame Tongue          Conj/Fire      ##...        7%          1    #......
b - Inner Flame           Hex/Fire       #.......     28%         3    ###....

Your spell library contained the following spells:

 Spells                   Type           Power        Failure   Level  Hunger
 Throw Flame              Conj/Fire      ##....       10%         2    ##.....
 Conjure Flame            Conj/Fire      ##......     21%         3    ###....
 Sticky Flame             Conj/Fire      ##......     54%         4    #####..
 Fireball                 Conj/Fire      ##........   88%         5    ######.


Dungeon Overview and Level Annotations

Branches:
Dungeon (2/15)

Altars:
Kikubaaqudgha
Nemelex Xobeh
Qazlal
Vehumet
Wu Jian
The Shining One


Innate Abilities, Weirdness & Mutations

You are partially covered in large bone plates. (SH +4)
A weak demonic guardian rushes to your aid.


Message History

Confirm with . or Enter, or press ? or * to list all spells.
Okay, then.
Casting: Flame Tongue (safe; 7% risk of failure)
Confirm with . or Enter, or press ? or * to list all spells.
Aiming: Flame Tongue (safe; 7% risk of failure)
Press: ? - help, Shift-Dir - straight line, f/p - adder
Aim: an adder (severely wounded, inner flame)
You miscast Flame Tongue.
You are very lightly contaminated with residual magic.
Nothing appears to happen.
You feel sick. The adder misses you.
Casting: Flame Tongue (safe; 7% risk of failure)
Confirm with . or Enter, or press ? or * to list all spells.
Aiming: Flame Tongue (safe; 7% risk of failure)
Press: ? - help, Shift-Dir - straight line, f/p - adder
Aim: an adder (severely wounded, inner flame)
The flame tongue hits the adder!
The adder explodes!
The fiery explosion engulfs you!!
Ouch! That really hurt!
You die...

###...# #......# ## #...#
#......# .. #...#
#......# .# #...#
#..[#### .#####
#...####...#####.....#
#.......#####.. .....#
#...###.# #.##§....#
###<..###.#####.#§§....#
....#.#.#.##....@K§......
##..#.#.#....#......#.##.
#...#.#......#.....## #
#..##.#.######........
#.....#.###.##.....###
##.####.....######.#
#.########.#.# ...
#.#...####.#.### ####
#.#.#.#....#...#


You could see a kobold.

Vanquished Creatures
  A worker ant (D:2)
  2 adders (D:2)
  A dart slug (D:2)
  A leopard gecko (D:2)
  A giant cockroach (D:1)
  4 goblins
  6 hobgoblins
  2 bats (D:2)
  A frilled lizard (D:1)
  4 kobolds
  3 rats
26 creatures vanquished.

Notes
Turn   | Place    | Note
-------+----------+-------------------------------------------
     0 | D:1      | Coldstonesans the Demonspawn Fire Elementalist began the
                  | quest for the Orb.
     0 | D:1      | Reached XP level 1. HP: 13/13 MP: 3/3
   655 | D:1      | Gained mutation: A weak demonic guardian rushes to your
                  | aid. [demonic ancestry]
   655 | D:1      | Reached XP level 2. HP: 19/19 MP: 5/5
   934 | D:2      | Reached skill level 3 in Fire Magic
  1016 | D:2      | Reached skill level 1 in Armour
  1016 | D:2      | Gained mutation: You are partially covered in large bone
                  | plates. (SH +4) [demonic ancestry]
  1016 | D:2      | Reached XP level 3. HP: 6/24 MP: 3/6
  1470 | D:2      | Learned a level 3 spell: Inner Flame
  1588 | D:2      | Reached XP level 4. HP: 30/30 MP: 4/7
  1611 | D:2      | Found a glowing golden altar of the Shining One.
  1614 | D:2      | Found an ornate altar of the Wu Jian Council.
  1616 | D:2      | Found an ancient bone altar of Kikubaaqudgha.
  1617 | D:2      | Found a stormy altar of Qazlal.
  1620 | D:2      | Found a radiant altar of Vehumet.
  1624 | D:2      | Became a worshipper of Qazlal Stormbringer
  1725 | D:2      | Found a sparkling altar of Nemelex Xobeh.
  1737 | D:2      | Killed from afar by an adder

Levels and vault maps discovered:
D:1:      roderic_dead_forest, layout_basic, minmay_pentomino_t2
D:2:      layout_basic, minitemple, nicolae_overflow_crystal_walls,
          kennysheep_small_spiral

Skill      XL: |  1  2 |
---------------+-------+-----
Fire Magic     | 3 |  3.4
Dodging        | 2 |  2.3
Armour         | 1 |  1.2
Stealth        | |  1.7
Spellcasting   | |  2.3
Conjurations   | |  1.6

Action                   |  1- 3 |  4- 6 || total
-------------------------+-------+-------++-------
Melee: Unarmed           |     6 |       ||     6
       Short sword       |    10 |     6 ||    16
 Cast: Flame Tongue      |    38 |     2 ||    40
       Inner Flame       |     2 |     1 ||     3
  Use: Potion            |     1 |       ||     1
 Stab: Sleeping          |     1 |       ||     1
  Eat: Chunk             |     2 |     1 ||     3
Armor: Robe              |     9 |       ||     9
Dodge: Dodged            |    19 |     5 ||    24
Block: Other             |     6 |     2 ||     8

Table legend:
 A = Non-vault XP
 B = Vault XP
 C = Vault XP percentage of total XP
 D = Non-vault monster count
 E = Vault monster count
 F = Vault count percentage of total count
                 A         B        C        D         E       F
            +---------+---------+-------+---------+---------+-------
      Total |      98 |       2 |   2.0 |      25 |       1 |   3.8
            +---------+---------+-------+---------+---------+-------
        D:1 |      14 |       2 |  12.5 |       9 |       1 |  10.0
        D:2 |      84 |       0 |   0.0 |      16 |       0 |   0.0
            +---------+---------+-------+---------+---------+-------
